 Dungeon Crawl Stone Soup version 0.31-a0-182-gc5ef74bbde (webtiles) character file.

Game seed: 11547027871461602346

107802 qw the Severer (level 16, -6/104 HPs)
             Began as a Gargoyle Fighter on June 20, 2023.
             Was an Elder of Okawaru.
             Mangled by a sixfirhy (8 damage)
             ... summoned by an orc sorcerer
             ... on level 2 of the Orcish Mines.
             The game lasted 00:12:26 (24496 turns).

qw the Severer (Gargoyle Fighter)                  Turns: 24496, Time: 00:12:27

Health: -6/104     AC: 39    Str: 34      XL:     16   Next: 47%
Magic:  23/23      EV: 11    Int:  4 (9)  God:    Okawaru [****..]
Gold:   2581       SH: 14    Dex: 11      Spells: 15/15 levels left

rFire   . . .        G - +8 broad axe of Charity {pain, rPois}
rCold   + . .        x - +0 kite shield
rNeg    + . .        c - +0 plate armour
rPois   inf          (no helmet)
rElec   +            h - +0 cloak
rCorr   .            B - +2 pair of gloves
SInv    +            t - +2 pair of boots
Will    +++..        g - amulet of Fatigue {Acrobat Will++ Dex+2} Stlth
                     H - ring of Doineeb {rPois rC+ Str+6}
HPRegen 0.37/turn    p - ring of see invisible
MPRegen 0.18/turn

%: acrobat
@: heroic, flying
A: sickness immunity, AC +12, big wings, negative energy resistance 1,
electricity resistance, torment resistance 1, petrification resistance
a: Renounce Religion, Heroism, Finesse


You were on level 2 of the Orcish Mines.
You worshipped Okawaru.
Okawaru was greatly pleased with you.
You visited 4 branches of the dungeon, and saw 23 of its levels.

You collected 3237 gold pieces.
You spent 656 gold pieces at shops.


Innate Abilities, Weirdness & Mutations

You are immune to sickness and miasma.
Your stone body is resilient. (AC +12)
You are immune to poison.
Your large and strong wings let you fly.
You resist negative energy. (rN+)
You are resistant to electric shocks. (rElec)
You are resistant to unholy torment.
You are immune to petrification.


   Skills:
 - Level 13.0(18.0) Fighting
 - Level 17.0(22.0) Axes
 - Level 7.0(12.0) Throwing
 + Level 11.9(16.9) Armour
 - Level 3.2(8.2) Dodging
 - Level 13.0(18.0) Shields
 - Level 10.0 Invocations


You had 15 spell levels left.
You didn't know any spells.
Your spell library was empty.

Inventory:

Hand Weapons
 k - a +2 spectral war axe
 v - a +0 heavy broad axe
 z - a +3 morningstar
 C - a -1 demon whip of venom
 G - the +8 broad axe of Charity (weapon) {pain, rPois}
   (You acquired it on level 4 of the Lair of Beasts)

   rPois:     It protects you from poison.
Missiles
 b - 7 boomerangs (quivered)
 D - 3 javelins
Armour
 c - a +0 plate armour (worn)
 h - a +0 cloak (worn)
 i - +0 acid dragon scales
 t - a +2 pair of boots (worn)
 u - the +0 chain mail of Precision Catastrophes {*Slow rF+ rC++ Dex-3}
   (You found it on level 10 of the Dungeon)

   Dex:       It affects your dexterity (-3).
   rF:        It protects you from fire.
   rC:        It greatly protects you from cold.
   *Slow:     It may slow you when you take damage.
 x - a +0 kite shield (worn)
 B - a +2 pair of gloves (worn)
Jewellery
 g - the amulet of Fatigue (around neck) {Acrobat Will++ Dex+2}
   (You acquired it on level 2 of the Dungeon)

   [amulet of the acrobat]

   It increases your evasion while moving and waiting.
   Dex:       It affects your dexterity (+2).
   Will:      It greatly increases your willpower.
 l - a ring of willpower
 p - a ring of see invisible (right hand)
 y - a +6 ring of dexterity
 E - a ring of ice
 H - the ring of Doineeb (left hand) {rPois rC+ Str+6}
   (You found it on level 4 of the Lair of Beasts)

   [ring of strength]

   Str:       It affects your strength (+6).
   rC:        It protects you from cold.
   rPois:     It protects you from poison.
Scrolls
 n - 10 scrolls of identify
 o - 2 scrolls of brand weapon
Potions
 a - 3 potions of lignification
 d - 6 potions of might
 e - 11 potions of curing
 f - 6 potions of magic
 j - 3 potions of mutation
 m - 4 potions of attraction
 q - a potion of resistance
 r - 5 potions of haste
 s - 2 potions of enlightenment

Dungeon Overview and Level Annotations

Branches:
Dungeon (15/15)            Temple (1/1) D:7            Lair (5/5) D:11
 Shoals (0/4) Lair:3        Snake (0/4) Lair:3        Slime (0/5) Lair:4
    Orc (2/2) D:10         Vaults (0/5) D:14         Depths (0/4) D:15
    Elf: Orc:2

Altars:
Ashenzari
Cheibriados
Dithmenos
Elyvilon
Fedhas
Gozag
Hepliaklqana
Kikubaaqudgha
Makhleb
Nemelex Xobeh
Okawaru
Qazlal
Ru
Sif Muna
Trog
Uskayaw
Vehumet
Wu Jian
Xom
Yredelemnul
Zin
The Shining One

Shops:
D:1 =   Orc:1 !

Portals:
Volcano: Orc:1

Annotations:
Orc:2 Saint Roka, Sonja


Message History

You block the orc sorcerer's attack.
An orc comes into view. It is wielding a +0 war axe.
Sonja barely misses you. x3
The orc sorcerer hits you but does no damage.
Saint Roka roars a battlecry!
The orc goes into a battle-frenzy!
An orc warrior comes into view. It is wielding a +0 hand axe.
Urug hits you with a +2 battleaxe of freezing!!
Urug freezes you. The neqoxec gestures at you.
You feel dopey. Something feeds on your intellect!
You hear a shout!
You slash Urug!
Urug is almost dead.
You hit Sonja. You hit the orc sorcerer. You slash the neqoxec!
You hit the orc sorcerer. You barely miss the sixfirhy.
You block the sixfirhy's attack. Sonja misses you.
Sonja hits you with a +0 short sword of venom.
Sonja misses you.
The sixfirhy hits you but does no damage.
You block the orc warrior's attack.
The orc warrior hits you from afar with a +0 trident!
The orc sorcerer points at you and mumbles some strange words.
You resist with almost no effort. The orc sorcerer misses you.
Urug hits you but does no damage. The neqoxec misses you.
Sonja hits you but does no damage. x3
You slice Urug!!
You kill Urug!
Okawaru accepts your kill.
You slice the neqoxec!!
You kill the neqoxec!
The neqoxec disappears in a puff of smoke!
You slash the orc sorcerer!
You kill the orc sorcerer!
Okawaru accepts your kill.
You miss the sixfirhy. You completely miss Sonja. You slice the orc sorcerer!!
The orc warrior no longer looks unusually strong.
The sixfirhy hits you!
You die...

#.................%......
+#..................#....
...................#....#
..........................
#.........................
.##.........................
.#.#.#....................#.
.....##......[.)K).........#
.#.........)[[.)@<..........
..#........).[o3o¤)......#.#
..............o.........#.#
#............o...........
.###....##..o.#.o...#...#.
.................o.......
..........o...#.o.......#
#.............##......###
......#........#...####


You could see Saint Roka, a sixfirhy (summoned), an orc sorcerer (strong),
Sonja, 4 orc warriors and 3 orcs.

Vanquished Creatures
  Rupert (D:14)
  Agnes (D:14)
  Nessos (D:14)
  Snorg (Lair:4)
  Josephine (Lair:5)
  An entropy weaver (shapeshifter) (D:14)
  6 hydras
  5 centaur warriors
  9 death yaks
  2 two-headed ogres
  2 dancing weapons (D:14)
  4 boulder beetles
  2 tengu warriors (D:13)
  A death knight (D:15)
  A catoblepas (Lair:4)
  Urug (Orc:2)
  Amaemon (Lair:1)
  Lodul (D:14)
  A goliath frog (Lair:5)
  5 skysharks
  A necromancer (D:15)
  A wizard (D:15)
  4 orc knights
  A harpy (shapeshifter) (D:15)
  6 orc sorcerers
  3 deep elf pyromancers
  14 ugly things
  5 manticores
  10 cyclopes
  14 elephants
  2 torpor snails
  30 cane toads
  8 black mambas
  An orange demon (Lair:1)
  A naga mage (D:15)
  4 centaur skeletons (D:15)
  7 rime drakes
  2 gargoyles
  A kobold demonologist (D:10)
  3 freezing wraiths
  A komodo dragon (shapeshifter) (D:15)
  5 komodo dragons
  2 trolls
  A hornet (D:9)
  6 polar bears
  2 tyrant leeches (Lair:5)
  A wind drake (Lair:3)
  A harpy skeleton (D:15)
  12 dream sheep
  Prince Ribbit (D:7)
  39 blink frogs
  A blink frog (shapeshifter) (D:13)
  4 slime creatures (D:12)
  A spriggan (shapeshifter) (D:13)
  A centaur simulacrum (D:15)
  53 yaks
  A vampire (D:12)
  7 wraiths
  4 wyverns
  4 basilisks
  2 steam dragons
  10 vampire mosquitoes
  A warg (Orc:2)
  2 acid dragons
  A harpy simulacrum (D:14)
  22 water moccasins
  19 orc warriors
  A sky beast (D:7)
  6 black bears
  An ice beast (D:6)
  13 ogres
  23 wolves
  4 boggarts (Lair:5)
  12 centaurs
  A phantom (D:6)
  3 kobold brigands
  28 bullfrogs
  A gnoll sergeant (D:7)
  10 wights
  8 scorpions
  14 killer bees
  2 electric eels
  3 howler monkeys
  3 gnoll boudas
  4 hounds
  7 jellies
  12 orc priests
  An iguana (D:6)
  17 orc wizards
  7 hell rats (Lair:5)
  6 gnolls (D:6)
  12 adders
  2 shadow imps
  A white imp (D:7)
  2 ufetubi (D:5)
  A dart slug (D:2)
  67 orcs
  4 ball pythons
  6 bats
  9 endoplasms
  10 giant cockroaches
  4 goblins
  5 hobgoblins
  10 jackals
  19 kobolds
  A quokka (D:1)
  7 frilled lizards
  4 rats
720 creatures vanquished.

Vanquished Creatures (others)
  4 spectral weapons
4 creatures vanquished.

Grand Total: 724 creatures vanquished

Notes
Turn   | Place    | Note
-------+----------+-------------------------------------------
     0 | D:1      | qw the Gargoyle Fighter began the quest for the Orb.
     0 | D:1      | Reached XP level 1. HP: 14/14 MP: 1/1
     0 | D:1      | 0 ||| qw: Version: 0.3-a-9-g12657ce
     0 | D:1      | 0 ||| qw: Game counter: 1325
     0 | D:1      | 0 ||| qw: Always use a shield: true
     0 | D:1      | 0 ||| qw: God list: Okawaru
     0 | D:1      | 0 ||| qw: Allow faded altars: false
     0 | D:1      | 0 ||| qw: Do Orc after D:15 true
     0 | D:1      | 0 ||| qw: Do second Lair branch before Depths: true
     0 | D:1      | 0 ||| qw: Lair rune preference: random
     0 | D:1      | 0 ||| qw: Plans: Normal, Zot:1-4, Slime:5, God:TSO, Crypt,
                  | Tomb, Abyss, Pan, Hells, Win
     0 | D:1      | 0 ||| PLANNING D:1-11
   231 | D:1      | 231 ||| Stepping ~*~*~tactically~*~*~ (stealth).
   241 | D:1      | Reached skill level 2 in Axes
   275 | D:1      | Reached XP level 2. HP: 19/19 MP: 2/2
   589 | D:1      | 589 ||| Stepping ~*~*~tactically~*~*~ (hiding).
   648 | D:1      | 648 ||| Stepping ~*~*~tactically~*~*~ (stealth).
   689 | D:1      | Reached skill level 3 in Axes
   692 | D:1      | Found Lykint's Jewellery Boutique.
   701 | D:1      | 701 ||| SHOPLISTING +6 ring of dexterity (504 gold, have
                  | 26).
   701 | D:1      | 701 ||| SHOPLISTING amulet of reflection (420 gold, have
                  | 26).
   701 | D:1      | 701 ||| SHOPLISTING ring of fire (350 gold, have 26).
   701 | D:1      | 701 ||| SHOPLISTING ring of ice (350 gold, have 26).
   701 | D:1      | 701 ||| SHOPLISTING ring of protection from cold (350 gold,
                  | have 26).
   701 | D:1      | 701 ||| SHOPLISTING ring of resist corrosion (280 gold,
                  | have 26).
   701 | D:1      | 701 ||| SHOPLISTING ring of willpower (350 gold, have 26).
   759 | D:1      | Reached XP level 3. HP: 23/23 MP: 3/3
   831 | D:1      | 831 ||| UPGRADING to +0 cloak.
   836 | D:1      | 836 ||| UPGRADING to +0 chain mail.
   846 | D:1      | 846 ||| DROPPING +0 scale mail.
   847 | D:1      | 847 ||| READING scroll labelled NIYMOIWOMU.
   848 | D:1      | 848 ||| READING scroll labelled HENIF URHAUQ.
   849 | D:1      | 849 ||| READING scroll labelled NIUSKUZAQ.
   850 | D:1      | 850 ||| DRINKING 2 red potions.
   851 | D:1      | 851 ||| DRINKING 2 cyan potions.
   852 | D:1      | 852 ||| DROPPING potion of brilliance.
  1116 | D:2      | 1116 ||| DROPPING +0 club.
  1375 | D:2      | 1375 ||| Stepping ~*~*~tactically~*~*~ (stealth).
  1481 | D:2      | Reached XP level 4. HP: 28/28 MP: 4/4
  1668 | D:2      | 1668 ||| Stepping ~*~*~tactically~*~*~ (stealth).
  1811 | D:2      | 1811 ||| READING scroll labelled OWOPSY CYGOMIV.
  1811 | D:2      | Identified a scroll of acquirement
  1811 | D:2      | 1811 ||| ACQUIRING amulet of Fatigue {Acrobat Will++ Dex+2}
  1811 | D:2      | Acquired the amulet of Fatigue {Acrobat Will++ Dex+2}
  1813 | D:2      | 1813 ||| UPGRADING to amulet of Fatigue {Acrobat Will++
                  | Dex+2}.
  1818 | D:2      | 1818 ||| READING 2 scrolls labelled HOGUMM NIANG.
  1821 | D:2      | 1821 ||| READING scroll labelled KUZXOR BAYH.
  1840 | D:3      | 1840 ||| PLANNING SEWER
  1898 | D:3      | Reached skill level 4 in Axes
  1909 | D:3      | 1909 ||| READING scroll of enchant weapon.
  1909 | D:3      | 1909 ||| ENCHANTING +1 war axe.
  2416 | D:3      | 2416 ||| Stepping ~*~*~tactically~*~*~ (hiding).
  2418 | D:3      | 2418 ||| Stepping ~*~*~tactically~*~*~ (hiding).
  2419 | D:3      | 2419 ||| Stepping ~*~*~tactically~*~*~ (hiding).
  2448 | D:3      | 2448 ||| RIP SEWER
  2457 | D:3      | 2457 ||| PLANNING D:1-11
  2769 | D:3      | 2769 ||| UPGRADING to ring of willpower.
  2770 | D:3      | 2770 ||| READING scroll labelled NIWOJE KOLA.
  2771 | D:3      | 2771 ||| READING scroll labelled MANAWK QOEN CIAHEF.
  2872 | D:3      | 2872 ||| DRINKING 2 glowing dark potions.
  2918 | D:3      | 2918 ||| DRINKING 2 sapphire potions.
  2919 | D:3      | 2919 ||| READING 2 scrolls of identify.
  2919 | D:3      | 2919 ||| IDENTIFYING bubbling purple potion
  2971 | D:4      | Reached XP level 5. HP: 32/32 MP: 5/5
  2995 | D:4      | Reached skill level 5 in Axes
  3001 | D:4      | 3001 ||| Stepping ~*~*~tactically~*~*~ (stealth).
  3002 | D:4      | 3002 ||| Stepping ~*~*~tactically~*~*~ (stealth).
  3007 | D:4      | 3007 ||| Stepping ~*~*~tactically~*~*~ (stealth).
  3008 | D:4      | 3008 ||| Stepping ~*~*~tactically~*~*~ (stealth).
  3009 | D:4      | 3009 ||| Stepping ~*~*~tactically~*~*~ (stealth).
  3038 | D:4      | 3038 ||| Stepping ~*~*~tactically~*~*~ (stealth).
  3112 | D:4      | 3112 ||| Stepping ~*~*~tactically~*~*~ (stealth).
  3122 | D:4      | Reached skill level 1 in Dodging
  3122 | D:4      | Reached XP level 6. HP: 37/37 MP: 6/6
  3266 | D:4      | 3266 ||| Stepping ~*~*~tactically~*~*~ (stealth).
  3519 | D:4      | 3519 ||| Stepping ~*~*~tactically~*~*~ (stealth).
  3520 | D:4      | 3520 ||| Stepping ~*~*~tactically~*~*~ (stealth).
  3681 | D:4      | 3681 ||| UPGRADING to +6 ring of dexterity.
  3682 | D:4      | 3682 ||| READING scroll labelled CIGGE WOTUW.
  3683 | D:4      | 3683 ||| READING scroll labelled YDAWNE FIPSYST.
  3712 | D:5      | Entered Level 5 of the Dungeon
  3874 | D:5      | Found a basalt altar of Yredelemnul.
  3947 | D:5      | Noticed a black bear
  3959 | D:5      | Killed a black bear
  3960 | D:5      | Reached skill level 6 in Axes
  3960 | D:5      | Reached XP level 7. HP: 23/43 MP: 7/7
  3997 | D:5      | 3997 ||| FLEEEEING.
  3998 | D:5      | 3998 ||| FLEEEEING.
  3999 | D:5      | 3999 ||| FLEEEEING.
  4000 | D:5      | 4000 ||| FLEEEEING.
  4274 | D:5      | 4274 ||| Stepping ~*~*~tactically~*~*~ (hiding).
  4580 | D:5      | 4580 ||| UPGRADING to +0 pair of boots.
  4585 | D:5      | 4585 ||| READING scroll labelled YKHLUN ATSEYSCH.
  4627 | D:6      | Reached skill level 7 in Axes
  4684 | D:6      | Reached XP level 8. HP: 49/49 MP: 8/8
  4871 | D:6      | 4871 ||| Stepping ~*~*~tactically~*~*~ (stealth).
  4934 | D:6      | 4934 ||| Stepping ~*~*~tactically~*~*~ (hiding).
  4943 | D:6      | 4943 ||| FLEEEEING.
  4948 | D:6      | 4948 ||| FLEEEEING.
  4949 | D:6      | 4949 ||| FLEEEEING.
  4952 | D:6      | 4952 ||| Stepping ~*~*~tactically~*~*~ (hiding).
  4953 | D:6      | 4953 ||| Stepping ~*~*~tactically~*~*~ (hiding).
  4960 | D:6      | HP: 11/49 [orc warrior/+0 war axe (2)]
  4961 | D:6      | 4961 ||| READING scroll of teleportation.
  4962 | D:6      | HP: 1/49 [orc warrior/+0 war axe (5)]
  4964 | D:6      | Reached skill level 8 in Axes
  5133 | D:6      | 5133 ||| Stepping ~*~*~tactically~*~*~ (stealth).
  5155 | D:6      | 5155 ||| Stepping ~*~*~tactically~*~*~ (stealth).
  5186 | D:6      | 5186 ||| Stepping ~*~*~tactically~*~*~ (stealth).
  5189 | D:6      | 5189 ||| Stepping ~*~*~tactically~*~*~ (stealth).
  5192 | D:6      | 5192 ||| Stepping ~*~*~tactically~*~*~ (stealth).
  5198 | D:6      | Reached skill level 6 in Fighting
  5208 | D:6      | 5208 ||| Stepping ~*~*~tactically~*~*~ (hiding).
  5218 | D:6      | Reached XP level 9. HP: 46/55 MP: 9/9
  5298 | D:6      | Reached skill level 9 in Axes
  5885 | D:6      | 5885 ||| READING 2 scrolls labelled NATHRO XAIREJ.
  5886 | D:6      | 5886 ||| READING scroll labelled RICAFRENE.
  5887 | D:6      | 5887 ||| DRINKING 2 smoky brown potions.
  5888 | D:6      | 5888 ||| READING 2 scrolls of identify.
  5888 | D:6      | 5888 ||| IDENTIFYING golden potion
  5889 | D:6      | 5889 ||| DROPPING scroll of fear.
  5994 | D:7      | Found a staircase to the Ecumenical Temple.
  5995 | D:7      | 5995 ||| PLANNING TEMPLE
  6000 | D:7      | 6000 ||| READING scroll labelled SOALEKK IPPOD.
  6001 | D:7      | 6001 ||| READING 2 scrolls of identify.
  6001 | D:7      | 6001 ||| IDENTIFYING inky potion
  6002 | D:7      | 6002 ||| DROPPING potion of degeneration.
  6009 | Temple   | Entered the Ecumenical Temple
  6009 | Temple   | Found a transporter.
  6009 | Temple   | Found a transporter.
  6011 | Temple   | Found a transporter.
  6011 | Temple   | Found a transporter.
  6021 | Temple   | 6021 ||| PLANNING D:1-11
  6036 | Temple   | 6036 ||| PLANNING OKAWARU WORSHIP
  6039 | Temple   | Became a worshipper of Warmaster Okawaru
  6040 | Temple   | 6040 ||| PLANNING D:1-11
  6248 | D:7      | Reached skill level 10 in Axes
  6308 | D:7      | 6308 ||| Stepping ~*~*~tactically~*~*~ (hiding).
  6563 | D:7      | Reached XP level 10. HP: 63/64 MP: 10/10
  6610 | D:7      | 6610 ||| Stepping ~*~*~tactically~*~*~ (hiding).
  6630 | D:7      | Reached skill level 3 in Dodging
  6733 | D:7      | Reached * piety under Okawaru
  6758 | D:7      | Reached skill level 1 in Invocations
  6982 | D:7      | Noticed Prince Ribbit
  6999 | D:7      | Killed Prince Ribbit
  7080 | D:7      | 7080 ||| UPGRADING to +0 kite shield.
  7090 | D:7      | 7090 ||| DROPPING +0 buckler.
  7255 | D:8      | 7255 ||| Stepping ~*~*~tactically~*~*~ (stealth).
  7258 | D:8      | 7258 ||| Stepping ~*~*~tactically~*~*~ (stealth).
  7266 | D:8      | 7266 ||| Stepping ~*~*~tactically~*~*~ (stealth).
  7267 | D:8      | 7267 ||| Stepping ~*~*~tactically~*~*~ (stealth).
  7268 | D:8      | 7268 ||| Stepping ~*~*~tactically~*~*~ (stealth).
  7270 | D:8      | 7270 ||| Stepping ~*~*~tactically~*~*~ (stealth).
  7272 | D:8      | 7272 ||| Stepping ~*~*~tactically~*~*~ (stealth).
  7273 | D:8      | 7273 ||| Stepping ~*~*~tactically~*~*~ (stealth).
  7294 | D:8      | 7294 ||| READING scroll of enchant armour.
  7294 | D:8      | 7294 ||| ENCHANTING +0 pair of boots.
  7311 | D:8      | Reached skill level 3 in Invocations
  7552 | D:8      | Found a hazy altar of Hepliaklqana.
  7562 | D:8      | Found a hide-covered altar of Uskayaw.
  7582 | D:8      | 7582 ||| INVOKING Heroism.
  8023 | D:8      | Noticed a gargoyle
  8031 | D:8      | Killed a gargoyle
  8032 | D:8      | Reached skill level 6 in Shields
  8494 | D:8      | 8494 ||| UPGRADING to +0 pair of gloves.
  8499 | D:8      | 8499 ||| DROPPING amulet of the acrobat.
  8500 | D:8      | 8500 ||| DRINKING 2 clear potions.
  8501 | D:8      | 8501 ||| READING 3 scrolls of identify.
  8501 | D:8      | 8501 ||| IDENTIFYING ruby potion
  8502 | D:8      | 8502 ||| READING 2 scrolls of identify.
  8502 | D:8      | 8502 ||| IDENTIFYING emerald potion
  8503 | D:8      | 8503 ||| DROPPING potion of berserk rage.
  8504 | D:8      | 8504 ||| DROPPING potion of invisibility.
  8631 | D:9      | 8631 ||| Stepping ~*~*~tactically~*~*~ (stealth).
  8632 | D:9      | 8632 ||| Stepping ~*~*~tactically~*~*~ (stealth).
  8633 | D:9      | 8633 ||| Stepping ~*~*~tactically~*~*~ (hiding).
  8635 | D:9      | 8635 ||| INVOKING Heroism.
  8636 | D:9      | 8636 ||| Stepping ~*~*~tactically~*~*~ (hiding).
  8655 | D:9      | 8655 ||| Stepping ~*~*~tactically~*~*~ (stealth).
  8665 | D:9      | 8665 ||| Stepping ~*~*~tactically~*~*~ (stealth).
  8666 | D:9      | 8666 ||| Stepping ~*~*~tactically~*~*~ (hiding).
  8667 | D:9      | 8667 ||| Stepping ~*~*~tactically~*~*~ (hiding).
  8669 | D:9      | 8669 ||| Stepping ~*~*~tactically~*~*~ (hiding).
  8872 | D:9      | 8872 ||| Stepping ~*~*~tactically~*~*~ (hiding).
  9006 | D:9      | 9006 ||| INVOKING Heroism.
  9090 | D:9      | 9090 ||| INVOKING Heroism.
  9147 | D:9      | 9147 ||| INVOKING Heroism.
  9207 | D:9      | 9207 ||| FLEEEEING.
  9208 | D:9      | 9208 ||| FLEEEEING.
  9209 | D:9      | 9209 ||| FLEEEEING.
  9210 | D:9      | 9210 ||| FLEEEEING.
  9211 | D:9      | 9211 ||| FLEEEEING.
  9212 | D:9      | 9212 ||| FLEEEEING.
  9479 | D:9      | Reached XP level 11. HP: 68/68 MP: 14/14
  9542 | D:9      | 9542 ||| Stepping ~*~*~tactically~*~*~ (stealth).
  9544 | D:9      | 9544 ||| Stepping ~*~*~tactically~*~*~ (stealth).
  9553 | D:9      | Reached skill level 9 in Shields
  9555 | D:9      | Reached ** piety under Okawaru
  9560 | D:9      | Reached skill level 6 in Armour
  9724 | D:9      | 9724 ||| UPGRADING to +0 plate armour.
  9734 | D:9      | 9734 ||| DROPPING +0 chain mail.
  9778 | D:10     | Entered Level 10 of the Dungeon
  9798 | D:10     | 9798 ||| INVOKING Heroism.
  9811 | D:10     | 9811 ||| Stepping ~*~*~tactically~*~*~ (hiding).
  9979 | D:10     | Found a staircase to the Orcish Mines.
 10088 | D:10     | Identified the +0 chain mail of Precision Catastrophes
                  | {*Slow rF+ rC++ Dex-3}
 10096 | D:10     | 10096 ||| Stepping ~*~*~tactically~*~*~ (hiding).
 10097 | D:10     | 10097 ||| INVOKING Heroism.
 10274 | D:10     | 10274 ||| READING 3 scrolls of identify.
 10274 | D:10     | 10274 ||| IDENTIFYING orange potion
 10310 | D:11     | Noticed a two-headed ogre
 10311 | D:11     | 10311 ||| Stepping ~*~*~tactically~*~*~ (stealth).
 10312 | D:11     | 10312 ||| INVOKING Heroism.
 10315 | D:11     | Killed a two-headed ogre
 10409 | D:11     | Reached skill level 11 in Axes
 10410 | D:11     | Reached *** piety under Okawaru
 10421 | D:11     | 10421 ||| Stepping ~*~*~tactically~*~*~ (hiding).
 10423 | D:11     | 10423 ||| Stepping ~*~*~tactically~*~*~ (hiding).
 10425 | D:11     | 10425 ||| Stepping ~*~*~tactically~*~*~ (hiding).
 10425 | D:11     | Found a staircase to the Lair.
 10425 | D:11     | Noticed a cyclops
 10426 | D:11     | 10426 ||| Stepping ~*~*~tactically~*~*~ (hiding).
 10430 | D:11     | 10430 ||| INVOKING Heroism.
 10443 | D:11     | Killed a cyclops
 10677 | D:11     | 10677 ||| FLEEEEING.
 10678 | D:11     | 10678 ||| FLEEEEING.
 10683 | D:11     | 10683 ||| FLEEEEING.
 10684 | D:11     | 10684 ||| FLEEEEING.
 10685 | D:11     | 10685 ||| FLEEEEING.
 10686 | D:11     | 10686 ||| FLEEEEING.
 10688 | D:11     | 10688 ||| FLEEEEING.
 10689 | D:11     | 10689 ||| FLEEEEING.
 10690 | D:11     | 10690 ||| FLEEEEING.
 10700 | D:11     | 10700 ||| FLEEEEING.
 10701 | D:11     | 10701 ||| FLEEEEING.
 10715 | D:11     | Reached skill level 1 in Throwing
 10715 | D:11     | 10715 ||| FLEEEEING.
 10716 | D:11     | 10716 ||| FLEEEEING.
 10717 | D:11     | 10717 ||| FLEEEEING.
 10718 | D:11     | 10718 ||| FLEEEEING.
 10719 | D:11     | 10719 ||| FLEEEEING.
 10720 | D:11     | 10720 ||| FLEEEEING.
 10721 | D:11     | 10721 ||| FLEEEEING.
 10722 | D:11     | 10722 ||| FLEEEEING.
 10723 | D:11     | 10723 ||| STAIRDANCE
 10886 | D:11     | 10886 ||| PLANNING LAIR
 10915 | Lair:1   | Entered Level 1 of the Lair of Beasts
 10931 | Lair:1   | Reached **** piety under Okawaru
 10977 | Lair:1   | 10977 ||| INVOKING Heroism.
 11025 | Lair:1   | 11025 ||| Stepping ~*~*~tactically~*~*~ (stealth).
 11074 | Lair:1   | 11074 ||| INVOKING Heroism.
 11077 | Lair:1   | Received a gift from Okawaru
 11121 | Lair:1   | Reached skill level 3 in Throwing
 11130 | Lair:1   | 11130 ||| INVOKING Heroism.
 11196 | Lair:1   | 11196 ||| INVOKING Heroism.
 11202 | Lair:1   | Reached XP level 12. HP: 73/73 MP: 13/16
 11283 | Lair:1   | 11283 ||| INVOKING Heroism.
 11342 | Lair:1   | 11342 ||| INVOKING Heroism.
 11372 | Lair:1   | 11372 ||| Stepping ~*~*~tactically~*~*~ (water).
 11373 | Lair:1   | 11373 ||| Stepping ~*~*~tactically~*~*~ (stealth).
 11380 | Lair:1   | 11380 ||| Stepping ~*~*~tactically~*~*~ (water).
 11383 | Lair:1   | Reached skill level 9 in Fighting
 11436 | Lair:1   | Noticed Amaemon
 11437 | Lair:1   | 11437 ||| INVOKING Heroism.
 11444 | Lair:1   | Killed Amaemon
 11519 | Lair:1   | 11519 ||| Stepping ~*~*~tactically~*~*~ (stealth).
 11520 | Lair:1   | 11520 ||| Stepping ~*~*~tactically~*~*~ (stealth).
 11530 | Lair:1   | 11530 ||| INVOKING Heroism.
 11633 | Lair:1   | 11633 ||| Stepping ~*~*~tactically~*~*~ (stealth).
 11639 | Lair:1   | Reached skill level 6 in Invocations
 11654 | Lair:1   | Found a sacrificial altar of Ru.
 11952 | Lair:1   | 11952 ||| UPGRADING to +2 pair of gloves.
 11962 | Lair:1   | 11962 ||| DROPPING +0 pair of gloves.
 12006 | Lair:2   | 12006 ||| Stepping ~*~*~tactically~*~*~ (stealth).
 12079 | Lair:2   | 12079 ||| Stepping ~*~*~tactically~*~*~ (stealth).
 12082 | Lair:2   | 12082 ||| Stepping ~*~*~tactically~*~*~ (stealth).
 12093 | Lair:2   | 12093 ||| Stepping ~*~*~tactically~*~*~ (stealth).
 12163 | Lair:2   | 12163 ||| Stepping ~*~*~tactically~*~*~ (hiding).
 12168 | Lair:2   | 12168 ||| INVOKING Heroism.
 12269 | Lair:2   | 12269 ||| Stepping ~*~*~tactically~*~*~ (stealth).
 12271 | Lair:2   | 12271 ||| Stepping ~*~*~tactically~*~*~ (stealth).
 12277 | Lair:2   | 12277 ||| INVOKING Heroism.
 12284 | Lair:2   | Reached skill level 12 in Axes
 12289 | Lair:2   | 12289 ||| Stepping ~*~*~tactically~*~*~ (stealth).
 12292 | Lair:2   | 12292 ||| Stepping ~*~*~tactically~*~*~ (stealth).
 12308 | Lair:2   | Reached ***** piety under Okawaru
 12475 | Lair:2   | Noticed a six-headed hydra
 12476 | Lair:2   | 12476 ||| INVOKING Heroism.
 12478 | Lair:2   | 12478 ||| SWAPPING to -1 demon whip of venom.
 12482 | Lair:2   | Killed a six-headed hydra
 12483 | Lair:2   | Reached skill level 9 in Armour
 12483 | Lair:2   | 12483 ||| SWAPPING to +2 spectral war axe.
 12487 | Lair:2   | Noticed a six-headed hydra
 12492 | Lair:2   | 12492 ||| SWAPPING to -1 demon whip of venom.
 12493 | Lair:2   | 12493 ||| INVOKING Finesse.
 12498 | Lair:2   | Killed a six-headed hydra
 12499 | Lair:2   | 12499 ||| SWAPPING to +2 spectral war axe.
 12582 | Lair:2   | 12582 ||| Stepping ~*~*~tactically~*~*~ (stealth).
 12660 | Lair:2   | You fall into a shaft and drop 1 floor!
 12673 | Lair:3   | Reached skill level 9 in Invocations
 12673 | Lair:3   | Reached XP level 13. HP: 79/80 MP: 19/19
 12682 | Lair:3   | 12682 ||| INVOKING Heroism.
 12780 | Lair:3   | 12780 ||| Stepping ~*~*~tactically~*~*~ (hiding).
 12782 | Lair:3   | 12782 ||| Stepping ~*~*~tactically~*~*~ (hiding).
 12783 | Lair:3   | 12783 ||| Stepping ~*~*~tactically~*~*~ (hiding).
 12805 | Lair:3   | 12805 ||| INVOKING Heroism.
 12806 | Lair:3   | 12806 ||| INVOKING Finesse.
 12808 | Lair:3   | 12808 ||| Stepping ~*~*~tactically~*~*~ (stealth).
 12809 | Lair:3   | 12809 ||| Stepping ~*~*~tactically~*~*~ (stealth).
 12824 | Lair:3   | Received a gift from Okawaru
 12909 | Lair:3   | 12909 ||| UPGRADING to ring of see invisible.
 12911 | Lair:3   | 12911 ||| UPGRADING to ring of willpower.
 13173 | Lair:2   | 13173 ||| INVOKING Heroism.
 13309 | Lair:2   | 13309 ||| Stepping ~*~*~tactically~*~*~ (stealth).
 13310 | Lair:2   | 13310 ||| INVOKING Heroism.
 13313 | Lair:2   | 13313 ||| Stepping ~*~*~tactically~*~*~ (stealth).
 13442 | Lair:3   | 13442 ||| Stepping ~*~*~tactically~*~*~ (stealth).
 13463 | Lair:3   | 13463 ||| FLEEEEING.
 13464 | Lair:3   | 13464 ||| STAIRDANCE
 13582 | Lair:3   | 13582 ||| INVOKING Heroism.
 13587 | Lair:3   | 13587 ||| SWAPPING to -1 demon whip of venom.
 13602 | Lair:3   | 13602 ||| SWAPPING to +2 spectral war axe.
 13618 | Lair:3   | 13618 ||| INVOKING Finesse.
 13620 | Lair:3   | Received a gift from Okawaru
 13792 | Lair:3   | Identified the +7 lajatang "Toamp" {venom, Str+4}
 13831 | Lair:3   | 13831 ||| Stepping ~*~*~tactically~*~*~ (water).
 13832 | Lair:3   | 13832 ||| INVOKING Heroism.
 13836 | Lair:3   | Reached skill level 13 in Axes
 14135 | Lair:3   | 14135 ||| INVOKING Heroism.
 14245 | Lair:3   | 14245 ||| Stepping ~*~*~tactically~*~*~ (stealth).
 14246 | Lair:3   | 14246 ||| Stepping ~*~*~tactically~*~*~ (stealth).
 14258 | Lair:3   | Received a gift from Okawaru
 14267 | Lair:3   | 14267 ||| FLEEEEING.
 14268 | Lair:3   | 14268 ||| FLEEEEING.
 14269 | Lair:3   | 14269 ||| FLEEEEING.
 14275 | Lair:3   | 14275 ||| FLEEEEING.
 14276 | Lair:3   | 14276 ||| FLEEEEING.
 14281 | Lair:3   | 14281 ||| INVOKING Heroism.
 14284 | Lair:3   | 14284 ||| SWAPPING to -1 demon whip of venom.
 14293 | Lair:3   | 14293 ||| SWAPPING to +2 spectral war axe.
 14298 | Lair:3   | 14298 ||| Stepping ~*~*~tactically~*~*~ (stealth).
 14533 | Lair:3   | 14533 ||| INVOKING Heroism.
 14534 | Lair:3   | Found a staircase to the Shoals.
 14534 | Lair:3   | Found a staircase to the Snake Pit.
 15053 | Lair:3   | 15053 ||| READING 4 scrolls of identify.
 15053 | Lair:3   | 15053 ||| IDENTIFYING amethyst potion
 15119 | Lair:4   | 15119 ||| INVOKING Heroism.
 15124 | Lair:4   | Gained mutation: Your large and strong wings let you fly.
                  | [Gargoyle growth]
 15124 | Lair:4   | Reached XP level 14. HP: 79/88 MP: 18/21
 15128 | Lair:4   | Received a gift from Okawaru
 15231 | Lair:4   | Noticed Snorg
 15232 | Lair:4   | 15232 ||| INVOKING Heroism.
 15233 | Lair:4   | 15233 ||| INVOKING Finesse.
 15242 | Lair:4   | Killed Snorg
 15367 | Lair:4   | 15367 ||| Stepping ~*~*~tactically~*~*~ (stealth).
 15429 | Lair:4   | 15429 ||| INVOKING Heroism.
 15430 | Lair:4   | 15430 ||| INVOKING Finesse.
 15441 | Lair:4   | Reached skill level 14 in Axes
 15517 | Lair:4   | Received a gift from Okawaru
 15643 | Lair:4   | 15643 ||| READING scroll of acquirement.
 15643 | Lair:4   | 15643 ||| ACQUIRING +8 broad axe of Charity {pain, rPois}
 15643 | Lair:4   | Acquired the +8 broad axe of Charity {pain, rPois}
 15645 | Lair:4   | 15645 ||| SWAPPING to +8 broad axe of Charity {pain,
                  | rPois}.
 15648 | Lair:4   | Found a staircase to the Slime Pits.
 15652 | Lair:4   | Identified the ring of Doineeb {rPois rC+ Str+6}
 15767 | Lair:4   | 15767 ||| FLEEEEING.
 15768 | Lair:4   | 15768 ||| FLEEEEING.
 15769 | Lair:4   | 15769 ||| FLEEEEING.
 15770 | Lair:4   | 15770 ||| FLEEEEING.
 15771 | Lair:4   | 15771 ||| STAIRDANCE
 15829 | Lair:3   | 15829 ||| DROPPING +1 pair of gloves.
 15830 | Lair:3   | 15830 ||| DROPPING ring of ice.
 15831 | Lair:3   | 15831 ||| DROPPING ring of magical power.
 15832 | Lair:3   | 15832 ||| UPGRADING to ring of Doineeb {rPois rC+ Str+6}.
 15834 | Lair:3   | 15834 ||| UPGRADING to ring of see invisible.
 16327 | Lair:5   | Entered Level 5 of the Lair of Beasts
 16337 | Lair:5   | Noticed Josephine
 16344 | Lair:5   | 16344 ||| INVOKING Heroism.
 16363 | Lair:5   | Killed Josephine
 16364 | Lair:5   | Reached skill level 12 in Shields
 16371 | Lair:5   | Received a gift from Okawaru
 16371 | Lair:5   | HP: 22/90 [acid (7)]
 16372 | Lair:5   | 16372 ||| READING 3 scrolls of teleportation.
 16372 | Lair:5   | HP: 7/90 [acid (8)]
 16373 | Lair:5   | 16373 ||| DRINKING 2 potions of heal wounds.
 16377 | Lair:5   | HP: 18/90 [rime drake/icy flash freeze (7)]
 16378 | Lair:5   | 16378 ||| Stepping ~*~*~tactically~*~*~ (hiding).
 16379 | Lair:5   | 16379 ||| Stepping ~*~*~tactically~*~*~ (hiding).
 16381 | Lair:5   | 16381 ||| READING 2 scrolls of teleportation.
 16382 | Lair:5   | 16382 ||| DRINKING potion of heal wounds.
 16386 | Lair:5   | 16386 ||| INVOKING Finesse.
 16405 | Lair:5   | Received a gift from Okawaru
 16432 | Lair:5   | 16432 ||| INVOKING Heroism.
 16447 | Lair:5   | Reached skill level 15 in Axes
 16455 | Lair:5   | 16455 ||| INVOKING Heroism.
 16484 | Lair:5   | 16484 ||| INVOKING Heroism.
 16532 | Lair:5   | 16532 ||| INVOKING Heroism.
 16576 | Lair:5   | 16576 ||| INVOKING Heroism.
 16582 | Lair:5   | Reached XP level 15. HP: 58/94 MP: 19/22
 16744 | Lair:5   | 16744 ||| Stepping ~*~*~tactically~*~*~ (stealth).
 16762 | Lair:5   | 16762 ||| Stepping ~*~*~tactically~*~*~ (stealth).
 16843 | Lair:5   | 16843 ||| INVOKING Heroism.
 16844 | Lair:5   | 16844 ||| INVOKING Finesse.
 16846 | Lair:5   | 16846 ||| SWAPPING to -1 demon whip of venom.
 16851 | Lair:5   | 16851 ||| SWAPPING to +8 broad axe of Charity {pain,
                  | rPois}.
 17016 | Lair:5   | Reached skill level 12 in Fighting
 17050 | Lair:5   | 17050 ||| Stepping ~*~*~tactically~*~*~ (stealth).
 17052 | Lair:5   | 17052 ||| INVOKING Heroism.
 17053 | Lair:5   | 17053 ||| SWAPPING to -1 demon whip of venom.
 17069 | Lair:5   | 17069 ||| SWAPPING to +8 broad axe of Charity {pain,
                  | rPois}.
 17132 | Lair:5   | 17132 ||| Stepping ~*~*~tactically~*~*~ (stealth).
 17140 | Lair:5   | 17140 ||| Stepping ~*~*~tactically~*~*~ (stealth).
 17141 | Lair:5   | 17141 ||| INVOKING Heroism.
 17260 | Lair:5   | 17260 ||| Stepping ~*~*~tactically~*~*~ (stealth).
 17441 | Lair:5   | 17441 ||| Stepping ~*~*~tactically~*~*~ (stealth).
 17542 | Lair:5   | 17542 ||| Stepping ~*~*~tactically~*~*~ (stealth).
 17544 | Lair:5   | 17544 ||| Stepping ~*~*~tactically~*~*~ (stealth).
 17848 | Lair:5   | 17848 ||| PLANNING D
 18035 | D:12     | 18035 ||| Stepping ~*~*~tactically~*~*~ (hiding).
 18364 | D:12     | 18364 ||| Stepping ~*~*~tactically~*~*~ (hiding).
 18373 | D:12     | Received a gift from Okawaru
 18427 | D:12     | 18427 ||| Stepping ~*~*~tactically~*~*~ (stealth).
 18542 | D:12     | 18542 ||| INVOKING Heroism.
 18545 | D:12     | 18545 ||| READING scroll of teleportation.
 18550 | D:12     | HP: 12/96 [titanic slime creature (58)]
 18816 | D:12     | 18816 ||| Stepping ~*~*~tactically~*~*~ (hiding).
 18817 | D:12     | 18817 ||| Stepping ~*~*~tactically~*~*~ (hiding).
 18879 | D:12     | 18879 ||| Stepping ~*~*~tactically~*~*~ (stealth).
 18881 | D:12     | 18881 ||| INVOKING Heroism.
 18968 | D:12     | 18968 ||| DROPPING amulet of magic regeneration.
 19006 | D:13     | 19006 ||| INVOKING Heroism.
 19170 | D:13     | Received a gift from Okawaru
 19257 | D:13     | Reached skill level 16 in Axes
 19489 | D:13     | Reached skill level 6 in Throwing
 19507 | D:13     | 19507 ||| Stepping ~*~*~tactically~*~*~ (hiding).
 19508 | D:13     | 19508 ||| Stepping ~*~*~tactically~*~*~ (hiding).
 19510 | D:13     | 19510 ||| Stepping ~*~*~tactically~*~*~ (hiding).
 19608 | D:13     | 19608 ||| Stepping ~*~*~tactically~*~*~ (hiding).
 19630 | D:13     | Identified the +0 chain mail of the Evening {MP+9} (Okawaru
                  | gifted it to you on level 13 of the Dungeon)
 19630 | D:13     | Received a gift from Okawaru
 19674 | D:13     | 19674 ||| Stepping ~*~*~tactically~*~*~ (hiding).
 20113 | D:13     | 20113 ||| DROPPING +0 chain mail of the Evening {MP+9}.
 20343 | D:14     | Found a gate to the Vaults.
 20381 | D:14     | 20381 ||| READING scroll of enchant armour.
 20381 | D:14     | 20381 ||| ENCHANTING +1 pair of boots.
 20439 | D:14     | 20439 ||| Stepping ~*~*~tactically~*~*~ (hiding).
 20440 | D:14     | 20440 ||| INVOKING Heroism.
 20442 | D:14     | 20442 ||| INVOKING Finesse.
 20443 | D:14     | 20443 ||| SWAPPING to -1 demon whip of venom.
 20450 | D:14     | 20450 ||| SWAPPING to +8 broad axe of Charity {pain,
                  | rPois}.
 20536 | D:14     | Noticed Nessos
 20542 | D:14     | 20542 ||| Stepping ~*~*~tactically~*~*~ (hiding).
 20547 | D:14     | 20547 ||| Stepping ~*~*~tactically~*~*~ (hiding).
 20548 | D:14     | 20548 ||| Stepping ~*~*~tactically~*~*~ (hiding).
 20551 | D:14     | 20551 ||| INVOKING Heroism.
 20560 | D:14     | 20560 ||| Stepping ~*~*~tactically~*~*~ (hiding).
 20561 | D:14     | 20561 ||| Stepping ~*~*~tactically~*~*~ (hiding).
 20562 | D:14     | 20562 ||| Stepping ~*~*~tactically~*~*~ (hiding).
 20578 | D:14     | Killed Nessos
 20880 | D:14     | 20880 ||| Stepping ~*~*~tactically~*~*~ (hiding).
 20905 | D:14     | 20905 ||| INVOKING Heroism.
 21272 | D:14     | 21272 ||| Stepping ~*~*~tactically~*~*~ (hiding).
 21273 | D:14     | 21273 ||| Stepping ~*~*~tactically~*~*~ (stealth).
 21276 | D:14     | Noticed Lodul
 21284 | D:14     | 21284 ||| INVOKING Heroism.
 21287 | D:14     | Killed Lodul
 21418 | D:14     | 21418 ||| Stepping ~*~*~tactically~*~*~ (stealth).
 21511 | D:14     | Noticed Agnes
 21512 | D:14     | 21512 ||| INVOKING Heroism.
 21512 | D:14     | Noticed Rupert
 21518 | D:14     | Killed Agnes
 21524 | D:14     | Killed Rupert
 21525 | D:14     | Reached XP level 16. HP: 87/101 MP: 21/23
 21957 | D:14     | 21957 ||| READING scroll labelled IKHLOH SIEMERUMOE.
 21989 | D:15     | Entered Level 15 of the Dungeon
 22013 | D:15     | 22013 ||| READING scroll of acquirement.
 22013 | D:15     | 22013 ||| ACQUIRING 896 gold pieces
 22013 | D:15     | Acquired 896 gold pieces
 22084 | D:15     | 22084 ||| DROPPING +0 morningstar.
 22168 | D:15     | 22168 ||| STAIRDANCE
 22172 | D:14     | 22172 ||| INVOKING Heroism.
 22295 | D:15     | 22295 ||| STAIRDANCE
 22373 | D:15     | 22373 ||| INVOKING Heroism.
 22375 | D:15     | 22375 ||| Stepping ~*~*~tactically~*~*~ (hiding).
 22376 | D:15     | 22376 ||| Stepping ~*~*~tactically~*~*~ (hiding).
 22377 | D:15     | 22377 ||| Stepping ~*~*~tactically~*~*~ (hiding).
 22378 | D:15     | 22378 ||| Stepping ~*~*~tactically~*~*~ (hiding).
 22382 | D:15     | Reached skill level 17 in Axes
 22462 | D:15     | 22462 ||| Stepping ~*~*~tactically~*~*~ (stealth).
 22923 | D:15     | 22923 ||| Stepping ~*~*~tactically~*~*~ (hiding).
 23062 | D:15     | 23062 ||| Stepping ~*~*~tactically~*~*~ (hiding).
 23084 | D:15     | 23084 ||| FLEEEEING.
 23085 | D:15     | 23085 ||| FLEEEEING.
 23090 | D:15     | 23090 ||| FLEEEEING.
 23091 | D:15     | 23091 ||| FLEEEEING.
 23092 | D:15     | 23092 ||| FLEEEEING.
 23093 | D:15     | 23093 ||| FLEEEEING.
 23094 | D:15     | 23094 ||| FLEEEEING.
 23095 | D:15     | 23095 ||| FLEEEEING.
 23096 | D:15     | 23096 ||| FLEEEEING.
 23099 | D:15     | 23099 ||| FLEEEEING.
 23100 | D:15     | 23100 ||| FLEEEEING.
 23101 | D:15     | 23101 ||| FLEEEEING.
 23105 | D:15     | 23105 ||| FLEEEEING.
 23110 | D:15     | 23110 ||| FLEEEEING.
 23111 | D:15     | 23111 ||| FLEEEEING.
 23112 | D:15     | 23112 ||| FLEEEEING.
 23113 | D:15     | 23113 ||| FLEEEEING.
 23114 | D:15     | 23114 ||| FLEEEEING.
 23119 | D:15     | 23119 ||| FLEEEEING.
 23120 | D:15     | 23120 ||| FLEEEEING.
 23121 | D:15     | 23121 ||| FLEEEEING.
 23122 | D:15     | 23122 ||| FLEEEEING.
 23123 | D:15     | 23123 ||| FLEEEEING.
 23124 | D:15     | 23124 ||| FLEEEEING.
 23125 | D:15     | 23125 ||| STAIRDANCE
 23159 | D:15     | 23159 ||| INVOKING Heroism.
 23400 | D:15     | 23400 ||| Stepping ~*~*~tactically~*~*~ (stealth).
 23409 | D:15     | 23409 ||| Stepping ~*~*~tactically~*~*~ (stealth).
 23433 | D:15     | 23433 ||| Stepping ~*~*~tactically~*~*~ (hiding).
 23434 | D:15     | 23434 ||| Stepping ~*~*~tactically~*~*~ (hiding).
 23436 | D:15     | 23436 ||| Stepping ~*~*~tactically~*~*~ (hiding).
 23524 | D:15     | Found a staircase to the Depths.
 23548 | D:15     | 23548 ||| PLANNING ORC
 23712 | Orc:1    | Entered Level 1 of the Orcish Mines
 23726 | Orc:1    | 23726 ||| INVOKING Heroism.
 23839 | Orc:1    | 23839 ||| Stepping ~*~*~tactically~*~*~ (hiding).
 23840 | Orc:1    | 23840 ||| INVOKING Heroism.
 23872 | Orc:1    | Found Weclerr's Distillery.
 23882 | Orc:1    | 23882 ||| BUYING 2 potions of curing (96 gold).
 23882 | Orc:1    | Bought 2 potions of curing for 96 gold pieces
 23882 | Orc:1    | 23882 ||| BUYING potion of heal wounds (80 gold).
 23882 | Orc:1    | Bought a potion of heal wounds for 80 gold pieces
 23882 | Orc:1    | 23882 ||| BUYING potion of heal wounds (80 gold).
 23882 | Orc:1    | Bought a potion of heal wounds for 80 gold pieces
 23882 | Orc:1    | 23882 ||| BUYING potion of heal wounds (80 gold).
 23882 | Orc:1    | Bought a potion of heal wounds for 80 gold pieces
 23882 | Orc:1    | 23882 ||| BUYING potion of magic (128 gold).
 23882 | Orc:1    | Bought a potion of magic for 128 gold pieces
 23882 | Orc:1    | 23882 ||| BUYING potion of magic (128 gold).
 23882 | Orc:1    | Bought a potion of magic for 128 gold pieces
 23882 | Orc:1    | 23882 ||| BUYING potion of might (64 gold).
 23882 | Orc:1    | Bought a potion of might for 64 gold pieces
 23958 | Orc:1    | 23958 ||| Stepping ~*~*~tactically~*~*~ (hiding).
 23960 | Orc:1    | 23960 ||| Stepping ~*~*~tactically~*~*~ (hiding).
 23961 | Orc:1    | 23961 ||| INVOKING Heroism.
 23969 | Orc:1    | 23969 ||| Stepping ~*~*~tactically~*~*~ (hiding).
 24216 | Orc:1    | Found a dark tunnel.
 24235 | Orc:2    | Entered Level 2 of the Orcish Mines
 24237 | Orc:2    | 24237 ||| INVOKING Heroism.
 24252 | Orc:2    | Received a gift from Okawaru
 24362 | Orc:2    | 24362 ||| FLEEEEING.
 24363 | Orc:2    | 24363 ||| FLEEEEING.
 24364 | Orc:2    | 24364 ||| FLEEEEING.
 24365 | Orc:2    | 24365 ||| FLEEEEING.
 24366 | Orc:2    | 24366 ||| FLEEEEING.
 24367 | Orc:2    | 24367 ||| FLEEEEING.
 24369 | Orc:2    | 24369 ||| FLEEEEING.
 24370 | Orc:2    | 24370 ||| STAIRDANCE
 24474 | Orc:2    | 24474 ||| INVOKING Heroism.
 24475 | Orc:2    | Noticed Urug
 24480 | Orc:2    | Noticed Sonja
 24484 | Orc:2    | Noticed Saint Roka
 24489 | Orc:2    | HP: 26/104 [orc warrior/+0 halberd[Saint Roka] (15)]
 24490 | Orc:2    | 24490 ||| DRINKING 3 potions of heal wounds.
 24493 | Orc:2    | 24493 ||| DRINKING 2 potions of heal wounds.
 24494 | Orc:2    | 24494 ||| DRINKING potion of heal wounds.
 24494 | Orc:2    | HP: 14/104 [Urug/+2 battleaxe of freezing (24)]
 24495 | Orc:2    | HP: 1/104 [orc warrior/+0 trident (10)]
 24496 | Orc:2    | Killed Urug
 24496 | Orc:2    | Mangled by a sixfirhy

Levels and vault maps discovered:
D:1:      dpeg_arrival_circle_labyrinth_c, layout_basic, serial_shops,
          nicolae_shop_peninsula
D:2:      layout_basic, serial_rivers, chequers_serial_rivers_small_a,
          chequers_serial_rivers_room_a, chequers_serial_rivers_small_b,
          chequers_serial_rivers_small_b, minmay_pentomino_p4
D:3:      layout_loops_corners, portal_sewer_entry_d, minmay_increasing_density
D:4:      kennysheep_big_flooded_room, layout_loops_cross, minmay_cupped
D:5:      layout_loops_ring, lemuel_doored_altar, minmay_liquid_box
D:6:      layout_basic, minmay_joined_circles
D:7:      minmay_octagon_keep, layout_cave_pods,
          minmay_temple_entry_proselytizer, uniq_prince_ribbit1
D:8:      layout_layer_cave, mainiacjoe_overflow_big_doors,
          roderic_st_hans_cross, dreamdust_wishing_well
D:9:      layout_small_grid, minmay_chambers_of_fives
D:10:     layout_rooms, orc_0_dummy, minivault_19
D:11:     layout_gridville, due_lair_maze_entry_diamond
D:12:     layout_roguey
D:13:     layout_loops_corners
D:14:     minmay_thick_lines, layout_grid_maze, erik_vaults_1, uniq_agnes,
          uniq_nessos, uniq_lodul, uniq_rupert
D:15:     grunt_enter_depths_magical_seal, layout_grid_maze,
          hangedman_abyss_or_decor_jellyfish_corner
Temple:   hellmonk_temple_divided_pantheon
Lair:1:   statuecave_lemuel, layout_gridlike, basic_altar, grunt_megastairs_1,
          uniq_amaemon
Lair:2:   layout_concentric_octagons
Lair:3:   nzn_winding_woodlands_stair_trap [nzn_winding_woodlands_5x15_default,
          nzn_winding_woodlands_5x15_sidewinder,
          nzn_winding_woodlands_5x15_longhouse,
          nzn_winding_woodlands_15x15_thick_spiral,
          nzn_winding_woodlands_5x15_lazy_stream,
          nzn_winding_woodlands_5x15_concentric,
          nzn_winding_woodlands_5x15_twine], layout_gridlike,
          minmay_shoals_entry_beasts, dummy_snake_entry
Lair:4:   layout_layer_cave, slime_entry_1, grunt_forest_small_clearing_treed,
          uniq_snorg
Lair:5:   minmay_lair_end_frog_pond, layout_regular_city,
          kilobyte_rumbling_trees, uniq_josephine
Orc:1:    layout_caves, enter_volcano_2, serial_shops,
          nicolae_shop_tiny_statue_garden
Orc:2:    grunt_orc_cross, layout_caves, basic_altar, serial_shops,
          nicolae_shop_hallway_plus, uniq_sonja

Skill      XL: |  1  2  3  4  5  6  7  8  9 10 11 12 13 14 15 16 |
---------------+-------------------------------------------------+-----
Axes           | 2 3 4 5 6 7 8 10 11 12 13 15 16 17 | 17.0
Dodging        | 1 2 3 |  3.2
Fighting       | 4 5 6 8 9 10 11 12 13 | 13.0
Armour         | 4 5 8 9 10 11 | 11.9
Shields        | 4 8 10 11 12 13 | 13.0
Invocations    | 4 5 9 10 | 10.0
Throwing       | 3 5 7 |  7.0

Action                     |  1- 3 |  4- 6 |  7- 9 | 10-12 | 13-15 | 16-18 || total
---------------------------+-------+-------+-------+-------+-------+-------++-------
  Melee: War axe           |    94 |   133 |   183 |   382 |   264 |       ||  1056
         Demon whip        |       |       |       |     9 |    46 |       ||    55
         Broad axe         |       |       |       |       |   543 |   220 ||   763
  Throw: Javelin           |       |       |       |    53 |   202 |    17 ||   272
         Boomerang         |       |       |       |     9 |    38 |    11 ||    58
 Invoke: Heroism           |       |       |       |    20 |    29 |     8 ||    57
         Finesse           |       |       |       |     1 |     7 |       ||     8
    Use: Scroll            |     3 |     9 |     7 |     4 |     6 |     2 ||    31
         Potion            |     2 |     2 |     1 |     1 |     2 |     3 ||    11
   Stab: Distracted        |       |       |     1 |     8 |     3 |       ||    12
 Armour: Scale mail        |    17 |       |       |       |       |       ||    17
         Chain mail        |    28 |   104 |    82 |    51 |       |       ||   265
         Plate armour      |       |       |       |   100 |   441 |   106 ||   647
  Dodge: Dodged            |    33 |    67 |    69 |   106 |   288 |    78 ||   641
  Block: Buckler           |    19 |    42 |    37 |     4 |       |       ||   102
         Kite shield       |       |       |       |   146 |   517 |   115 ||   778

Table legend:
 A = Non-vault XP
 B = Vault XP
 C = Vault XP percentage of total XP
 D = Non-vault monster count
 E = Vault monster count
 F = Vault count percentage of total count
                 A         B        C        D         E       F
            +---------+---------+-------+---------+---------+-------
      Total |  103725 |   51645 |  33.2 |     540 |     180 |  25.0
            +---------+---------+-------+---------+---------+-------
        D:1 |      36 |       0 |   0.0 |      23 |       0 |   0.0
        D:2 |      40 |      19 |  32.2 |      11 |       3 |  21.4
        D:3 |      32 |      23 |  41.8 |      11 |       7 |  38.9
        D:4 |     262 |      11 |   4.0 |      23 |       6 |  20.7
        D:5 |     564 |       0 |   0.0 |      19 |       0 |   0.0
        D:6 |    1826 |    1176 |  39.2 |      37 |      16 |  30.2
        D:7 |     712 |    1146 |  61.7 |      19 |      14 |  42.4
        D:8 |    1433 |       0 |   0.0 |      23 |       0 |   0.0
        D:9 |    2558 |     411 |  13.8 |      25 |       5 |  16.7
       D:10 |    1024 |       0 |   0.0 |      12 |       0 |   0.0
       D:11 |    2093 |    1804 |  46.3 |      18 |      11 |  37.9
       D:12 |    7606 |       0 |   0.0 |      24 |       0 |   0.0
       D:13 |    8096 |       0 |   0.0 |      18 |       0 |   0.0
       D:14 |    5993 |   12518 |  67.6 |      15 |      18 |  54.5
       D:15 |    8925 |    4730 |  34.6 |      21 |      10 |  32.3
     Lair:1 |    5303 |    1887 |  26.2 |      23 |       6 |  20.7
     Lair:2 |   11161 |       0 |   0.0 |      38 |       0 |   0.0
     Lair:3 |    9844 |   10160 |  50.8 |      33 |      25 |  43.1
     Lair:4 |   10744 |     945 |   8.1 |      42 |       1 |   2.3
     Lair:5 |   18740 |   14271 |  43.2 |      58 |      50 |  46.3
      Orc:1 |    4586 |       0 |   0.0 |      36 |       0 |   0.0
      Orc:2 |    2147 |    2544 |  54.2 |      11 |       8 |  42.1
            +---------+---------+-------+---------+---------+-------
